 Dungeon Crawl Stone Soup version 0.26.0-16-gc1dbca0489 (webtiles) character file.

Game seed: 2327213539773073963

28 Froggeryz the Sneak (level 3, -3/31 HPs)
             Began as a Ghoul Delver on Jan 17, 2021.
             Slain by a worm (8 damage)
             ... on level 4 of the Dungeon on Jan 18, 2021.
             The game lasted 00:02:40 (931 turns).

Froggeryz the Sneak (Ghoul Delver)                   Turns: 931, Time: 00:02:40

Health: -3/31      AC:  3    Str: 16    XL:     3   Next: 12%
Magic:  2/2        EV: 11    Int:  5    God:
Gold:   0          SH:  0    Dex: 10    Spells: 2/2 levels left

rFire    . . .     SeeInvis .     - Unarmed
rCold    + . .     Faith    .   (no shield)
rNeg     + + +     Spirit   .   a - +0 leather armour
rPois    ∞         Reflect  .   (no helmet)
rElec    .         Harm     .   j - scarf {+Inv}
rCorr    .         Rampage  .   (no gloves)
Will     .....                  (no boots)
Stlth    ++........             (no amulet)
HPRegen  0.00/turn              (no ring)
MPRegen  0.08/turn              (no ring)

@: very slow
A: claws 1, cold resistance 1, negative energy resistance 3, inhibited
regeneration, torment resistance, unbreathing
a: Evoke Invisibility


You were on level 4 of the Dungeon.
You visited 1 branch of the dungeon, and saw 2 of its levels.
You also visited: Sewer.

Inventory:

Missiles
 h - 4 poisoned darts (quivered)
Armour
 a - a +0 leather armour (worn)
 j - a scarf of invisibility (worn)
Wands
 f - a wand of digging (3)
Scrolls
 b - a scroll of fog
 c - a scroll of magic mapping
 d - a scroll of fear
 g - a scroll of identify
Potions
 e - a potion of haste


   Skills:
 - Level 3.2 Fighting
 - Level 1.7 Dodging
 - Level 5.4 Stealth
 * Level 3.9 Unarmed Combat


You had 2 spell levels left.
You didn't know any spells.
Your spell library was empty.

Dungeon Overview and Level Annotations

Branches:
Dungeon (5/15)              Sewer (visited)
 Temple: D:4-7

Altars:
The Shining One

Shops:
D:4 *

Annotations:
D:5 Ijyb


Innate Abilities, Weirdness & Mutations

You thrive by killing the living.
You are immune to poison.
You have sharp fingernails.
Your flesh is cold resistant. (rC+)
You are immune to negative energy. (rN+++)
You do not regenerate when monsters are visible.
You are immune to unholy pain and torment.
You can survive without breathing.


Message History

Moving in this stuff is going to be slow.
There is an empty arch of ancient stone here.
There is a gate leading back out of this place here.
The worm bites you!
There is a collapsed entrance here.
You scratch the worm.
The worm is lightly wounded.
You barely miss the worm.
The worm is lightly wounded.
The worm bites you.
You claw the worm!
The worm is heavily wounded.
The worm bites you!
* * * LOW HITPOINT WARNING * * *
You are too injured to fight recklessly!
You are too injured to fight recklessly!
You enter the shallow water.
Moving in this stuff is going to be slow.
The worm bites you!
You die...

#### #### ####
#...#####≈≈### ###
#≈.≈≈≈≈≈≈≈...# #.#
#.≈≈w@≈≈≈....# #.#
##≈≈.####...## #.#
#≈≈##......# #.##
#≈≈#...###.# #...
#≈≈#.......#######.##
#≈≈#...###..........#
≈≈....## #######....#
#≈.....# #....#
##.....# #....#


You could see a worm.

Vanquished Creatures
  2 adders
  An ufetubus (D:5)
  A leopard gecko (D:4)
  2 frilled lizards (Sewer)
6 creatures vanquished.

Notes
Turn   | Place    | Note
-------+----------+-------------------------------------------
     0 | D:5      | Froggeryz the Ghoul Delver began the quest for the Orb.
     0 | D:5      | Reached XP level 1. HP: 19/19 MP: 0/0
     8 | D:5      | Noticed Ijyb
    92 | D:5      | Found a glowing golden altar of the Shining One.
   295 | D:5      | Reached XP level 2. HP: 7/26 MP: 1/1
   568 | D:4      | Found Ilarghito's Assorted Antiques.
   813 | D:4      | Found a glowing drain.
   832 | Sewer    | Entered a sewer
   851 | Sewer    | Reached XP level 3. HP: 27/31 MP: 2/2
   907 | Sewer    | Noticed Purgy
   931 | D:4      | Slain by a worm

Illustrated notes

Levels and vault maps discovered:
D:4:      layout_basic, nicolae_overflow_hidden_temple, serial_shops,
          nicolae_shop_window_shopping, cheibrodos_sewer_entry_bend,
          hangedman_decor_push
D:5:      layout_loops_ring, nicolae_ru_great_annihilating_truth,
          nicolae_tso_carved_into_rock, guppyfry_early_lair_pool, uniq_ijyb

Skill      XL: |  1 |
---------------+----+-----
Unarmed Combat | 3 |  3.9
Fighting       | |  3.2
Dodging        | |  1.7
Stealth        | |  5.4

Action                   || total
-------------------------++-------
Melee: Unarmed           ||    30
       Punch             ||     1
  Use: Scroll            ||     1
Armor: Leather armour    ||     6
Dodge: Dodged            ||    20
